 Dungeon Sprint DCSS version 0.31-a0-152-g6aa68a64a1 (webtiles) character file.

Game seed: 11871822706146566012

1874 Conn the Arsonist (level 9, 0/53 HPs)
             Began as an Octopode Fire Elementalist on June 11, 2023.
             Was a Follower of Sif Muna.
             Slain by a death drake (4 damage)
             ... in the Dungeon (Sprint II: "The Violet Keep of Menkaure").
             The game lasted 00:12:35 (570 turns).

Conn the Arsonist (Octopode Fire Elementalist)       Turns: 570, Time: 00:12:36

Health: 0/53       AC:  1    Str:  7    XL:     9   Next: 14%
Magic:  14/22      EV: 15    Int: 24    God:    Sif Muna [*.....]
Gold:   163        SH:  5    Dex: 13    Spells: 11/26 levels left

rFire   . . .        d - +0 short sword "Paskar" {venom, Int+3}
rCold   . . .        (no shield)
rNeg    . . .        (helmet restricted)
rPois   .            t - amulet of reflection
rElec   .            (no ring)
rCorr   .            (no ring)
SInv    .            (no ring)
Will    .....        (no ring)
Stlth   ++++++       (no ring)
HPRegen 0.28/turn    (no ring)
MPRegen 0.18/turn    (no ring)
                     (no ring)

%: no teleportation, reflection
@: lethally poisoned (0 -> -9), very slightly contaminated, slowed, very slow
A: almost no armour, amphibious, 8 rings, camouflage 1, gelatinous body 1,
nimble swimmer 1, tentacles
a: Renounce Religion, Channel Magic


You were in the Dungeon.
You worshipped Sif Muna.
Sif Muna was aware of your devotion.
You visited 1 branch You collected 623 gold pieces.
You spent 460 gold pieces at shops.

Inventory:

Hand Weapons
 d - the +0 short sword "Paskar" (weapon) {venom, Int+3}
   (You bought it in a shop in the Dungeon)

   Int:       It affects your intelligence (+3).
Armour
 v - an orb of light
Jewellery
 t - an amulet of reflection (around mantle)
Scrolls
 f - a scroll of blinking
 g - 2 scrolls of poison
Potions
 a - 4 potions of magic
 b - 4 potions of curing
 c - 2 potions of heal wounds
 l - a potion of cancellation
 m - a potion of mutation
 o - 2 potions of enlightenment
 s - a potion of attraction
 u - 2 potions of resistance


   Skills:
 + Level 1.0 Fighting
 + Level 2.2 Throwing
 + Level 6.3 Dodging
 - Level 7.8 Stealth
 + Level 1.1 Shields
 + Level 9.0 Spellcasting
 * Level 5.4 Conjurations
 + Level 2.4 Hexes
 + Level 13.2 Fire Magic
 * Level 3.8 Air Magic
 + Level 2.0 Poison Magic
 * Level 4.1 Invocations


You had 11 spell levels left.
You knew the following spells:

 Your Spells              Type           Power      Damage    Failure   Level
a - Foxfire               Conj/Fire      100%       2x1d9     1%          1
b - Scorch                Fire           100%       2d9       1%          2
c - Inner Flame           Hex/Fire       48%        N/A       1%          3
d - Flame Wave            Conj/Fire      54%        2d13      1%          4
e - Call Imp              Summ           20%        N/A       9%          2
f - Mephitic Cloud        Conj/Pois/Air  29%        N/A       3%          3

Your spell library contained the following spells:

 Spells                   Type           Power      Damage    Failure   Level
 Magic Dart               Conj           100%       1d8       1%          1
 Volatile Blastmotes      Fire/Tloc      84%        2d17      1%          3


Dungeon Overview and Level Annotations

Branches:
Dungeon (1/1)

Altars:
Cheibriados
Dithmenos
Elyvilon
Fedhas
Gozag
Hepliaklqana
Kikubaaqudgha
Makhleb
Nemelex Xobeh
Okawaru
Qazlal
Ru
Sif Muna
Trog
Uskayaw
Vehumet
Wu Jian
Xom
Yredelemnul
Zin
The Shining One
Jiyva
Lugonu

Shops:
D [:(!=(*=?[:[[![

Annotations:
D exclusion: oklob plant


Innate Abilities, Weirdness & Mutations

You cannot wear most types of armour.
You are amphibious.
You can wear up to eight rings at the same time.
Your skin changes colour to match your surroundings (Stealth+).
Your rubbery body absorbs attacks. (AC +1, EV +1)
You are camouflaged when in or above water. (Stealth+)
You have tentacles for arms and can constrict up to eight enemies at once.


Message History

You kill the swamp drake!
Sif Muna accepts your kill.
The flame wave engulfs the polar bear!!
The polar bear is almost dead.
The polar bear growls angrily. (Press . to intensify the flame waves.)
You are engulfed in dark miasma.
You are poisoned.
You feel very sick.
Your Throwing skill increases to level 2!
Your Conjurations skill increases to level 5!
You have reached level 9!
Your experience leads to an increase in your attributes!
Your base attributes are Str 7, Int 19, Dex 13.
Increase (S)trength, (I)ntelligence, or (D)exterity?
You feel clever. x2
Unknown command.
Unknown command.
A wave of flame ripples out!
The flame wave engulfs the death drake!
The death drake is lightly wounded.
The flame wave engulfs the polar bear!
You kill the polar bear!
Sif Muna accepts your kill.
You feel very sick. The death drake breathes miasma at you.
The foul vapour engulfs you!
Your Spellcasting skill increases to level 9!
Your Poison Magic skill increases to level 2!
Your Invocations skill increases to level 4!
Unknown command.
A wave of flame ripples out!
The flame wave engulfs the death drake.
The death drake is lightly wounded.
You finish channelling waves of flame.
You are engulfed in dark miasma.
You feel yourself slow down.
* * * LOW HITPOINT WARNING * * *
You feel less wooden.
You feel very sick. The death drake bites you!
* * * LOW HITPOINT WARNING * * *
The death drake bites you.
You die...

+#*..*,,****,*,,#))▓(..)).[)▓▓,⌠,
.###.####,,+.##.#))▓...)(...▓▓,,,
#..#,...#,,*○..####▓.....(.(▓▓,,,
#†##**..##**#○.#*$#▓..(.).([▓▓,,,
'##*,*#..#,,+○.#,.#▓.)(.(.).▓▓,,,
.##,,,#..#,,#○○#,°#▓.[......▓▓,⌠,
<.+***+..####○○##†#▓..).(..)▓▓,,,
.##,,,#....###○k†##▓▓▓▓▓▓▓'▓▓▓▓+▓
+#**,##.§....○§§@§§~~~~~~~..(X§≈▓
*,*###~~§....§#'########+###.(w≈▓
**,#~~~~§~~..§#....._..#S~~##≈≈≈▓
*,##~~§~~~§~.§#...._._.#S~≈§####▓
+##~~~§≈≈~~§~~#..._._._#~~~§§#*,,
~~~~§~§≈≈§§~~~#.._._._.#~~~§§≈*,,
#+++#~≈§≈§§§≈~#._._._._#~§~~~§+,,
S≈≈~##≈≈§###§≈#_._._._.#~~~~≈S*,,
§§≈§≈##≈≈#,#≈≈#._._._._#~~≈≈~~*,,


You could see a death drake (catching breath).

Vanquished Creatures
  3 polar bears (D)
  A hornet (D)
  A vampire mosquito (D)
  Menkaure (D)
  2 water moccasins (D)
  A swamp drake (D)
  4 scorpions (D)
  4 necrophages (D)
17 creatures vanquished.

Vanquished Creatures (others)
  A yaktaur (D)
  23 foxfires (D)
  28 tentacles (D)
52 creatures vanquished.

Grand Total: 69 creatures vanquished

Notes
Turn   | Place    | Note
-------+----------+-------------------------------------------
     0 | D        | Conn the Octopode Fire Elementalist began the quest for the
                  | Orb.
     0 | D        | Reached XP level 1. HP: 11/11 MP: 3/3
     1 | D        | Noticed a necrophage
     1 | D        | Noticed a necrophage
     1 | D        | Noticed a necrophage
     1 | D        | Noticed a necrophage
     5 | D        | Killed a necrophage
     6 | D        | Reached skill level 6 in Fire Magic
     6 | D        | Reached XP level 2. HP: 13/17 MP: 3/6
     6 | D        | Reached XP level 3. HP: 16/21 MP: 4/8
    10 | D        | Killed a necrophage
    11 | D        | Reached skill level 7 in Fire Magic
    11 | D        | Reached XP level 4. HP: 12/27 MP: 5/10
    11 | D        | Reached XP level 5. HP: 14/31 MP: 5/11
    14 | D        | Reached skill level 5 in Stealth
    14 | D        | Reached skill level 8 in Fire Magic
    20 | D        | Reached skill level 5 in Spellcasting
    20 | D        | Reached skill level 9 in Fire Magic
    20 | D        | Reached XP level 6. HP: 19/37 MP: 6/13
    35 | D        | Learned a level 2 spell: Scorch
    39 | D        | Learned a level 3 spell: Inner Flame
    44 | D        | Learned a level 4 spell: Flame Wave
    49 | D        | Reached skill level 5 in Dodging
    49 | D        | Reached skill level 11 in Fire Magic
    61 | D        | Reached XP level 7. HP: 18/42 MP: 0/16
    76 | D        | Found Faampo's Armour Boutique.
    76 | D        | Found Inyotrisch's Distillery.
    76 | D        | Found Jahyf's Book Shop.
    77 | D        | Found Dapoxto's Antique Armour Shop.
    77 | D        | Found Jusod's Antique Armour Shop.
    77 | D        | Found Zogang's Magic Scroll Boutique.
    77 | D        | Found Uroesm's Jewellery Shop.
    77 | D        | Found Puejipn's General Store.
    78 | D        | Found Quted's Jewellery Boutique.
    79 | D        | Found Aliajeat's Armour Shop.
    79 | D        | Found Cirequill's Weapon Boutique.
    80 | D        | Found Pyogoudu's Distillery.
    80 | D        | Found Qocw's Antique Weapon Shop.
    80 | D        | Noticed an iron elemental
    80 | D        | Noticed an oklob plant
    90 | D        | Found Ygir's Book Shoppe.
    90 | D        | Found Ziary's Antique Armour Boutique.
    97 | D        | Noticed a great orb of eyes
   103 | D        | Bought a book of Minor Magic for 216 gold pieces
   106 | D        | Learned a level 2 spell: Call Imp
   110 | D        | Learned a level 3 spell: Mephitic Cloud
   116 | D        | Bought a bone short sword for 136 gold pieces
   116 | D        | Identified the +0 short sword "Paskar" {venom, Int+3} (You
                  | bought it in a shop in the Dungeon)
   121 | D        | Bought 5 curare-tipped darts for 60 gold pieces
   135 | D        | Bought a scroll of poison for 48 gold pieces
   145 | D        | Noticed a vampire mosquito
   148 | D        | Killed a vampire mosquito
   149 | D        | Reached skill level 1 in Hexes
   149 | D        | Reached skill level 12 in Fire Magic
   161 | D        | Noticed Menkaure
   163 | D        | Killed Menkaure
   171 | D        | Found a blossoming altar of Fedhas.
   172 | D        | Found a white marble altar of Elyvilon.
   173 | D        | Found a shadowy altar of Dithmenos.
   173 | D        | Found a corrupted altar of Lugonu.
   173 | D        | Found an opulent altar of Gozag.
   173 | D        | Found a burning altar of Makhleb.
   174 | D        | Found a snail-covered altar of Cheibriados.
   174 | D        | Found an ancient bone altar of Kikubaaqudgha.
   174 | D        | Found a bloodstained altar of Trog.
   174 | D        | Found a sparkling altar of Nemelex Xobeh.
   174 | D        | Found a hide-covered altar of Uskayaw.
   175 | D        | Found a viscous altar of Jiyva.
   175 | D        | Found a shimmering blue altar of Sif Muna.
   175 | D        | Found a basalt altar of Yredelemnul.
   176 | D        | Found a hazy altar of Hepliaklqana.
   176 | D        | Found a sacrificial altar of Ru.
   177 | D        | Found a shimmering altar of Xom.
   180 | D        | Found a stormy altar of Qazlal.
   180 | D        | Found an ornate altar of the Wu Jian Council.
   180 | D        | Found a glowing golden altar of the Shining One.
   181 | D        | Found a radiant altar of Vehumet.
   181 | D        | Found an iron altar of Okawaru.
   181 | D        | Found a glowing silver altar of Zin.
   186 | D        | Became a worshipper of Sif Muna the Loreminder
   199 | D        | Noticed a kraken
   456 | D        | Noticed a yaktaur
   456 | D        | Noticed a hornet
   456 | D        | Noticed a polar bear
   552 | D        | Noticed a polar bear
   557 | D        | Noticed a polar bear
   558 | D        | Killed a polar bear
   559 | D        | Reached skill level 1 in Fighting
   559 | D        | Reached skill level 1 in Throwing
   559 | D        | Reached XP level 8. HP: 48/48 MP: 3/19
   560 | D        | Killed a polar bear
   561 | D        | Reached skill level 1 in Air Magic
   561 | D        | Reached skill level 1 in Invocations
   565 | D        | Killed a hornet
   565 | D        | Reached * piety under Sif Muna
   566 | D        | Reached skill level 13 in Fire Magic
   566 | D        | Reached skill level 1 in Poison Magic
   566 | D        | Killed a yaktaur
   566 | D        | Noticed a death drake
   567 | D        | Reached skill level 1 in Shields
   569 | D        | Reached skill level 5 in Conjurations
   569 | D        | Reached XP level 9. HP: 50/53 MP: 16/21
   569 | D        | Killed a polar bear
   570 | D        | Slain by a death drake

Illustrated notes

Levels and vault maps discovered:
D:        the_violet_keep_of_menkaure [sprint2_stairs_cluster_1,
          sprint2_shoproom, sprint2_temple, sprint2_basic_supplies,
          sprint2_obstacle_7, sprint2_obstacle_6, sprint2_obstacle_2,
          sprint2_obstacle_4, sprint2_obstacle_5, sprint2_timed_cluster_1,
          sprint2_smallroom_cluster_1, sprint2_smallroom_final_cluster_1,
          sprint2_transparent_cluster_1, sprint2_second_timed_cluster_1,
          sprint2_sniper_area_1, sprint2_heavy_combat_area_1,
          sprint2_mutation_trap_area_1, sprint2_forest_area_1,
          sprint2_light_combat_area_1, sprint2_behind_water_1,
          sprint2_near_end_vault_1]

Skill      XL: |  1  2  3  4  5  6  7  8  9 |
---------------+----------------------------+-----
Dodging        | 3 4 5 6 |  6.3
Stealth        | 4 5 6 7 |  7.8
Spellcasting   | 3 4 5 6 7 8 9 |  9.0
Fire Magic     | 6 7 9 11 12 13 | 13.2
Conjurations   | 2 3 5 |  5.4
Hexes          | 1 2 |  2.4
Fighting       | 1 |  1.0
Throwing       | 1 2 |  2.2
Air Magic      | 3 |  3.8
Invocations    | 3 4 |  4.1
Poison Magic   | 1 2 |  2.0
Shields        | 1 |  1.1

Action                     |  1- 3 |  4- 6 |  7- 9 || total
---------------------------+-------+-------+-------++-------
  Melee: Unarmed           |     7 |     9 |       ||    16
         Tentacles         |     3 |     4 |       ||     7
         Constrict         |     2 |     2 |       ||     4
         Punch             |       |     1 |       ||     1
  Throw: Dart              |       |       |     6 ||     6
   Cast: Foxfire           |       |     2 |    16 ||    18
         Inner Flame       |       |     1 |     3 ||     4
         Flame Wave        |       |     1 |     3 ||     4
         Scorch            |       |       |     9 ||     9
         Mephitic Cloud    |       |       |     4 ||     4
    Use: Potion            |     2 |       |     5 ||     7
         Scroll            |       |       |    10 ||    10
 Armour: Skin              |       |       |    10 ||    10
  Dodge: Dodged            |     1 |     5 |     4 ||    10
  Block: Other             |       |       |     4 ||     4

Table legend: (Time is in decaauts)
 A = Elapsed time spent in this place.
 B = Non-inter-level travel time spent in this place.
 C = Inter-level travel time spent in this place.
 D = Time resting spent in this place.
 E = Time spent auto-exploring this place.
 F = Levels seen in this place.
 G = Mean time per level.
                   A        B        C        D        E       F      G
               +--------+--------+--------+--------+--------+-----+--------+
         Total |    562 |    562 |      0 |     85 |      0 |   1 |  562.0 |
       Dungeon |    562 |    562 |      0 |     85 |      0 |   1 |  562.0 |
               +--------+--------+--------+--------+--------+-----+--------+

Top non-repeatable levels by time:
       D: 562 daAuts
